 Dungeon Crawl Stone Soup version 0.20-a0-1025-g4706f7e (webtiles) character file.

43 Coredog the Charmwright (level 3, 27/29 HPs)
             Began as a Gnoll Skald on Apr 20, 2017.
             Quit the game on level 2 of the Dungeon.
             The game lasted 00:07:02 (1533 turns).

Coredog the Charmwright (Gnoll Skald)               Turns: 1533, Time: 00:07:02

Health: 27/29      AC:  3    Str: 10    XL:     3   Next: 58%
Magic:  7/7        EV: 13    Int: 14    God:
Gold:   42         SH:  0    Dex: 13    Spells: 1/8 levels left

rFire    + . .     SeeInvis .   a - +0 falchion
rCold    . . .     Gourm    .   (no shield)
rNeg     . . .     Faith    .   n - +1 robe {rF+}
rPois    .         Spirit   .   (no helmet)
rElec    .         Reflect  .   (no cloak)
rCorr    .         Harm     .   (no gloves)
MR       .....                  (no boots)
Stlth    +.........             (no amulet)
Regen    0.1/turn               (no ring)
MPRegen  0.1/turn               (no ring)

@: no status effects
A: short attention span, fangs 1, strong nose
a: no special abilities


You were on level 2 of the Dungeon.
You were not hungry.

You visited 1 branch of the dungeon, and saw 2 of its levels.

You collected 42 gold pieces.

Inventory:

Hand Weapons
 a - a +0 falchion (weapon)
Missiles
 h - 22 poisoned needles
Armour
 b - a +0 leather armour
 n - a +1 robe of fire resistance (worn)
Jewellery
 f - an uncursed amulet of magic regeneration {unknown}
Scrolls
 l - a scroll of amnesia
Potions
 e - 2 potions of degeneration {unknown}
 g - 2 potions of curing {unknown}
 i - a potion of berserk rage {unknown}
 j - a potion of invisibility {unknown}
Books
 c - a book of Battle

   Spells                             Type                      Level
   a - Infusion                       Charms                       1
   b - Shroud of Golubria             Charms/Translocation         2
   c - Song of Slaying                Charms                       2
   d - Spectral Weapon                Hexes/Charms                 3
   e - Regeneration                   Charms/Necromancy            3
Comestibles
 d - a bread ration
 k - a royal jelly


   Skills:
 + Level 3.4 Fighting
 + Level 4.3 Long Blades
 + Level 2.3 Armour
 + Level 3.4 Dodging
 - Level 3.4 Spellcasting
 + Level 4.6 Charms


You had one spell level left.
You knew the following spells:

 Your Spells              Type           Power        Failure   Level  Hunger
a - Spectral Weapon       Hex/Chrm       #.......     24%         3    ###....
b - Shroud of Golubria    Chrm/Tloc      #.........   12%         2    ##.....
c - Song of Slaying       Chrm           ###.....     4%          2    ##.....


Dungeon Overview and Level Annotations

Branches:
Dungeon (2/15)

Altars:


Innate Abilities, Weirdness & Mutations

You have a short attention span.
You have very sharp teeth.
Your uncanny sense of smell can sniff out nearby items.


Message History

You now have 33 gold pieces (gained 4).
You swap places.
You now have 42 gold pieces (gained 9).
Your spectral weapon fades away.
Magic restored.
A rat comes into view.
Found 10 poisoned needles.
The helpless rat fails to defend itself.
You hit the rat.
The rat is heavily wounded.
The rat bites you but does no damage.
You hit the rat.
You kill the rat!
No target in view!
You butcher the rat corpse.
m - a chunk of flesh Eating a chunk of flesh.
You eat the chunk of flesh.
This raw flesh tastes terrible.
h - 22 poisoned needles (gained 10) Are you sure you want to abandon this character and quit the game? (Confirm with "yes".)

#+# ###.##. ∆
..... ##
####.######## ..
#...........# #.
####.##.######.#
.. #.......# #.#
.. ∆ #@##.#..# #.#
..
#.#..#..######.#
..
#....#..#......###
##
######..#.#####...
. ......# #.## #
#....# #.# ..
#....#.#####.# #.
#....#.......# ..
#....######..#


There were no monsters in sight!

Vanquished Creatures
  An adder (D:2)
  A ball python (D:2)
  6 bats
  3 giant cockroaches (D:1)
  A hobgoblin (D:2)
  5 jackals (D:1)
  6 goblins
  3 kobolds
  6 rats
32 creatures vanquished.

Notes
Turn   | Place    | Note
-------+----------+-------------------------------------------
     0 | D:1      | Coredog the Gnoll Skald began the quest for the Orb.
     0 | D:1      | Reached XP level 1. HP: 18/18 MP: 4/4
   471 | D:1      | Reached XP level 2. HP: 24/24 MP: 6/6
   560 | D:1      | Learned a level 2 spell: Shroud of Golubria
   563 | D:1      | Learned a level 2 spell: Song of Slaying
   962 | D:2      | Reached XP level 3. HP: 29/29 MP: 7/7
  1242 | D:1      | You fall through a shaft!
  1459 | D:2      | Learned a level 3 spell: Spectral Weapon
  1533 | D:2      | Quit the game

Vault maps used:
D:1:      matt_arrival_los_fun
D:2:      lemuel_doored_altar, lemuel_coloured_pillars_altar

Skill      XL: |  1  2  3 |
---------------+----------+-----
Armour         | 2 |  2.3
Long Blades    | 4 |  4.3
Fighting       | |  3.4
Dodging        | |  3.4
Spellcasting   | |  3.4
Charms         | |  4.6

Action                   || total
-------------------------++-------
Melee: Falchion          ||   105
       Bite              ||     8
 Cast: Infusion          ||     1
       Shroud of Golubri ||     1
       Spectral Weapon   ||     1
  Use: Scroll            ||     2
 Stab: Sleeping          ||     1
  Eat: Chunk             ||     2
Armor: Leather armour    ||    27
       Robe              ||     9
Dodge: Dodged            ||   100
       Rpst.: Falchion   ||    29
